 Dungeon Crawl Stone Soup version 0.11.3 (webtiles) character file.

94 Rycklaryybbe the Changer (level 3, -2/26 HPs)
             Began as a Vampire Stalker on July 16, 2013.
             Slain by a centaur (3 damage)
             ... on Level 1 of the Dungeon.
             The game lasted 00:04:05 (944 turns).

Rycklaryybbe the Changer (Vampire Stalker)           Turns: 944, Time: 00:04:05

HP  -2/26        AC  3     Str  9      XL: 3   Next: 20%
MP   0/4         EV 20     Int 15      God:
Gold 56          SH  0     Dex 20      Spells:  2 memorised,  1 level left

Res.Fire  : . . .   See Invis. : +   a - +2 dagger {=f}
Res.Cold  : . . .   Warding    : .   b - +0 robe
Life Prot.: + . .   Conserve   : .   (no shield)
Res.Poison: .       Res.Corr.  : .   (no helmet)
Res.Elec. : .       Clarity    : .   c - +0 cloak
Sust.Abil.: . .     Spirit.Shd : .   (no gloves)
Res.Mut.  : .       Stasis     : .   (no boots)
Res.Rott. : .       Ctrl.Telep.: .   (no amulet)
Saprovore : . . .   Levitation : .   (no ring) Ctrl.Flight: .
                                     q - +2 ring of evasion

@: agile, very slightly contaminated, slightly resistant to hostile
enchantments, very stealthy
A: fangs 3, see invisible, unbreathing
a: Bat Form


You were on level 1 of the Dungeon.
You were not thirsty.

You visited 1 branch of the dungeon, and saw 1 of its levels.

You collected 36 gold pieces.

Inventory:

Hand weapons
 a - a +2,+2 dagger (weapon) {=f}
Missiles
 r - a throwing net [falling apart] (quivered)
Armour
 b - a +0 robe (worn)
 c - a +0 cloak (worn)
Scrolls
 g - a scroll of enchant weapon II {unknown}
 h - 2 scrolls of fear {unknown}
 i - 2 scrolls of identify {unknown}
 l - a scroll of fog {unknown}
 m - 2 scrolls of teleportation {unknown}
Jewellery
 q - a +2 ring of evasion (left hand)
Potions
 e - 3 potions of confusion
 f - a potion of blood
 j - a potion of restore abilities {unknown}
 n - a potion of paralysis {unknown}
 o - a potion of brilliance {unknown}
 p - a potion of might {unknown}
Books
 d - a book of Stalking

   Spells                             Type                      Level
   *Fulsome Distillation              Transmutation/Necromancy     1
   *Evaporate                         Fire/Transmutation           2
   Passwall                           Transmutation/Earth          3
   Petrify                            Transmutation/Earth          4
   Dig                                Transmutation/Earth          4


   Skills:
 - Level 0.8 Fighting
 - Level 1.1 Short Blades
 - Level 2.1 Dodging
 - Level 3.0 Stealth
 * Level 2.5 Stabbing
 - Level 1.0 Spellcasting
 + Level 3.9 Transmutations


You had one spell level left.
You knew the following spells:

 Your Spells              Type           Power        Failure   Level  Hunger
a - Fulsome Distillation  Trmt/Necr      N/A          12%         1    ##.....
b - Evaporate             Fire/Trmt      ##.....      17%         2    ###....


Dungeon Overview and Level Annotations

Branches:
Dungeon (1/27)

Altars:


Innate Abilities, Weirdness & Mutations

You have razor-sharp teeth.*
You have supernaturally acute eyesight.
You can survive without breathing.*


Message History

Press: ? - help, Shift-Dir - straight line You miscast Evaporate.
Nothing appears to happen.
The centaur hits you.
* * * LOW HITPOINT WARNING * * *
The centaur hits you but does no damage.
The centaur wields a bow.
The centaur shoots an arrow.
The arrow misses you.
Casting: Evaporate
Confirm with . or Enter, or press ? or * to list all spells.
Throw which potion? (? for menu, Esc to quit)
Where do you want to aim your 3 potions of confusion?
Aiming: Evaporate
Press: ? - help, Shift-Dir - straight line, f - centaur
Aim: a centaur, wielding a bow (heavily wounded)
You miscast Evaporate.
You are very lightly contaminated with residual magic.
You feel a strange surge of energy!
Drink which item? (? for menu, Esc to quit)
You feel more agile all of a sudden.
It was a potion of agility.
The centaur unwields an uncursed bow.
The centaur hits you.
You die...

..####### #.# #......#
........# #.# #......#
..#####.########(# #####.##
...............#.# #.#
..#####........#.# #.# .)#
#........#.# #)# ..#
##########.# #.# ..# #.#
#.# ..# #@# #.# ..# #c# #.#
..# #.# #.#
..##############.########.#
.......................%..#
..##############.####c....#
..###########.......#.....#
....................#.....#
..###########.......#.....#


You could see a centaur.

Vanquished Creatures
  A giant mite (D:1)
  3 bats (D:1)
  A giant cockroach (D:1)
  3 hobgoblins (D:1)
  4 jackals (D:1)
  2 giant newts (D:1)
  7 goblins (D:1)
  3 kobolds (D:1)
  4 rats (D:1)
28 creatures vanquished.

Notes
Turn   | Place    | Note
--------------------------------------------------------------
     0 | D:1      | Rycklaryybbe, the Vampire Stalker, began the quest for the Orb.
     0 | D:1      | Reached XP level 1. HP: 15/15 MP: 2/2
   281 | D:1      | Reached XP level 2. HP: 8/21 MP: 3/3
   397 | D:1      | Learned a level 2 spell: Evaporate
   744 | D:1      | Reached XP level 3. HP: 26/26 MP: 4/4
   928 | D:1      | Noticed a centaur
   941 | D:1      | HP: 1/26 [centaur (6)]
   944 | D:1      | Slain by a centaur
